 Dungeon Crawl Stone Soup version 0.28-a0-1152-g9c71ebef14 (webtiles) character file.

Game seed: 2351723699393900441

53 spaghetti the Skirmisher (level 3, -16/44 HPs)
             Began as an Ogre Delver on Dec 14, 2021.
             Demolished by an ogre (29 damage)
             ... on level 5 of the Dungeon.
             The game lasted 00:02:20 (1520 turns).

spaghetti the Skirmisher (Ogre Delver)              Turns: 1520, Time: 00:02:21

Health: -16/44     AC:  3    Str: 16    XL:     3   Next: 87%
Magic:  3/3        EV:  9    Int: 13    God:
Gold:   0          SH:  0    Dex: 10    Spells: 2/2 levels left

rFire   . . .      SeeInvis .   a - +0 mace {mace}
rCold   . . .      Faith    .   (no shield)
rNeg    . . .      Spirit   .   b - +0 robe
rPois   .          Reflect  .   (helmet restricted)
rElec   .          Harm     .   (no cloak)
rCorr   .          Rampage  .   (gloves unavailable)
Will    .....                   (boots unavailable)
Stlth   ++........              (no amulet)
HPRegen 0.14/turn               (no ring)
MPRegen 0.08/turn               (no ring)

@: hasted, very quick
A: large, unfitting armour, tough skin 1
a: no special abilities


You were on level 5 of the Dungeon.
You visited 1 branch of the dungeon, and saw 4 of its levels.


Innate Abilities, Weirdness & Mutations

You are too large for most types of armour.
You have tough skin. (AC +1)


   Skills:
 + Level 6.2 Fighting
 - Level 1.7 Maces & Flails
 - Level 1.7 Dodging
 - Level 3.7 Stealth


You had 2 spell levels left.
You didn't know any spells.
Your spell library was empty.

Inventory:

Hand Weapons
 a - a +0 mace (weapon) {mace}
Missiles
 e - 24 stones (quivered) {throwing}
 h - 24 arrows
Armour
 b - a +0 robe (worn)
Wands
 g - a wand of digging (2)
Scrolls
 c - a scroll of fog
 d - 2 scrolls of magic mapping {!r}

Dungeon Overview and Level Annotations

Branches:
Dungeon (6/15)
 Temple: D:4-7

Altars:

Annotations:
D:4 exclusion: door
D:5 1 exclusion, Sigmund

#......#
#......#########
#...............
#......#......###
#......#.........
#......#.........
######)#.........
#.#......###
######@O.........
#.....##......##
#....###......#
#.............########
##...................##
#.#.......###........#.
#.#)...###.^............
.##....###.###........#.
#...............######.


You could see an ogre.


Message History

There is an open door here.
You close the door.
You hit the bullfrog skeleton but do no damage.
The bullfrog skeleton misses you.
The bullfrog skeleton hits you but does no damage.
You barely miss the bullfrog skeleton.
The bullfrog skeleton closely misses you.
You thump the bullfrog skeleton!
The bullfrog skeleton hits you. x2 😕 HP[-10]
You take 10 damage, and now have 32/42 hp.
MASSIVE DAMAGE!! (PAUSE) Unknown command.
You thump the bullfrog skeleton!
The bullfrog skeleton hits you but does no damage.
The bullfrog skeleton hits you. 😮 HP[-5]
You take 5 damage, and now have 27/42 hp.
You hit the bullfrog skeleton.
The bullfrog skeleton hits you. 😮 HP[-1]
You take 1 damage, and now have 26/42 hp.
Unknown command.
You hit the bullfrog skeleton.
The bullfrog skeleton barely misses you.
The bullfrog skeleton hits you.
* * * LOW HITPOINT WARNING * * *
😨 HP[-6]
You take 6 damage, and now have 20/42 hp.
You hit the bullfrog skeleton.
You destroy the bullfrog skeleton!
Your Fighting skill increases to level 6! 😨 HP[+2]
You now have 44 max hp (+2).
You regained 2 hp, and now have 22/44 hp.
You start resting. 😎 HP[+22]
Your hp is fully restored (44).
The helpless orc fails to defend itself.
You sock the orc!
You kill the orc!
Sigmund the Dreaded comes into view.
He is wielding a +0 scythe.
Unknown command.
Unknown command.
Press: ? - help, v - describe, . - travel
Here: Sigmund, wielding a +0 scythe and wearing a +0 robe (asleep)
The floor.
Placed new exclusion.
You see here a +0 whip {mace}.
Found a stone staircase leading down.
You see here a +0 hand axe {axe}.
e - 24 stones {throwing} You see here a +0 hand axe {axe}.
An ogre comes into view. It is wielding a +0 giant club.
The ogre shouts!
Unknown command.
Unknown command.
There is a stone staircase leading down here.
You climb downwards.
The gnoll shouts!
The orc shouts!
You hear a shout! x2
A gnoll comes into view.
It is wielding a +0 halberd and carrying a wand of flame (21).
A wight comes into view. It is wielding a +6 battleaxe.
The gnoll closely misses you.
A wight comes into view.
It is wielding a +3 falchion and quivering poisoned darts.
The orc shouts!
You hear a shout! x2
A wight comes into view. It is wielding a +0 hand axe.
There is a stone staircase leading up here.
Unknown command.
Unknown command.
The gnoll shouts!
You hear a loud, deep croak!
The gnoll hits you from afar with a +1 vorpal halberd.
The wight throws a poisoned dart.
The poisoned dart closely misses you.
You climb upwards.
Level annotation: 1 exclusion, Sigmund
There is a stone staircase leading down here. 😕 HP[-8]
You take 8 damage, and now have 36/44 hp.
Unknown command.
Unknown command.
Okay, then.
Okay, then.
You feel yourself speed up.
The ogre hits you with a +0 giant club. 😮 HP[-5]
You take 5 damage, and now have 31/44 hp.
Unknown command.
Unknown command.
You hit the ogre. You barely miss the ogre.
The ogre hits you with a +0 giant club!!
* * * LOW HITPOINT WARNING * * *
😨 HP[-19]
You take 19 damage, and now have 12/44 hp.
MASSIVE DAMAGE!! (PAUSE) Unknown command.
Okay, then.
Aiming: Dig
Press: ? - help, Shift-Dir - straight line A rock wall.
The rock shatters into small pieces.
The ogre hits you with a +0 giant club!!
Ouch! That really hurt!
You die...

Skill      XL: |  1  2  3 |
---------------+----------+-----
Fighting       | 5 6 |  6.2
Maces & Flails | |  1.7
Dodging        | |  1.7
Stealth        | |  3.7

Action                   || total
-------------------------++-------
Melee: Mace              ||    47
Evoke: Wand              ||     1
  Use: Potion            ||     2
       Scroll            ||     1
 Stab: Sleeping          ||     6
Armor: Robe              ||     5
Dodge: Dodged            ||    20

Levels and vault maps discovered:
D:3:      layout_basic, hellmonk_ecumenical_altar_arch_garden,
          amcnicky_mini_pool_small, uniq_grinder
D:4:      layout_loops_corners, nicolae_tso_swordbearing_angel,
          kennysheep_slug_shrine, gammafunk_ghost_icy, serial_bayou_pond_e,
          serial_bayou_pond_d, grunt_ministairs_3
D:5:      layout_basic, nicolae_qazlal_eye_of_the_storm, minitemple,
          ebering_ghost_sewer_d, minmay_shop_mass, uniq_sigmund,
          uniq_blork_the_orc
D:6:      layout_basic

Notes
Turn   | Place    | Note
-------+----------+-------------------------------------------
     0 | D:5      | spaghetti the Ogre Delver began the quest for the Orb.
     0 | D:5      | Reached XP level 1. HP: 24/24 MP: 1/1
     0 | D:5      | magus.rc [v1.9.6]
   171 | D:6      | Reached XP level 2. HP: 25/33 MP: 2/2
   293 | D:6      | HP: 7/33 [acid (8)]
   547 | D:4      | Reached skill level 5 in Fighting
   561 | D:4      | HP: 2/35 [worm (10)]
  1032 | D:4      | Reached XP level 3. HP: 38/42 MP: 3/3
  1087 | D:4      | Noticed a centaur
  1154 | D:5      | Noticed a scorpion
  1236 | D:5      | Reached skill level 6 in Fighting
  1445 | D:5      | Noticed Sigmund
  1509 | D:5      | Noticed an ogre
  1520 | D:5      | Demolished by an ogre

Vanquished Creatures
  A bullfrog skeleton (D:5)
  An adder (D:6)
  A worm (D:4)
  2 dart slugs
  An orc (D:5)
  An endoplasm (D:4)
  2 goblins (D:4)
  A ball python (D:4)
10 creatures vanquished.

Table legend:
 A = Non-vault XP
 B = Vault XP
 C = Vault XP percentage of total XP
 D = Non-vault monster count
 E = Vault monster count
 F = Vault count percentage of total count
                 A         B        C        D         E       F
            +---------+---------+-------+---------+---------+-------
      Total |      67 |       9 |  11.8 |       8 |       2 |  20.0
            +---------+---------+-------+---------+---------+-------
        D:4 |       7 |       9 |  56.2 |       4 |       2 |  33.3
        D:5 |      46 |       0 |   0.0 |       3 |       0 |   0.0
        D:6 |      14 |       0 |   0.0 |       1 |       0 |   0.0
            +---------+---------+-------+---------+---------+-------

Illustrated notes

Table legend:
 A = Kills in this place as a percentage of kills in entire the game.
 B = Kills by you in this place as a percentage of kills by you in the entire game.
 C = Kills by friends in this place as a percentage of kills by friends in the entire game.
 D = Other kills in this place as a percentage of other kills in the entire game.
 E = Experience gained in this place as a percentage of experience gained in the entire game.
 F = Experience gained in this place divided by the number of levels of this place that you have seen.
                   A       B       C       D       E      F
               +-------+-------+-------+-------+-------+----------------------
         Total | 100.0 | 100.0 |   N/A |   N/A | 100.0 |  19.0
       Dungeon | 100.0 | 100.0 |   N/A |   N/A | 100.0 |  19.0
               +-------+-------+-------+-------+-------+----------------------

Table legend: (Time is in decaauts)
 A = Elapsed time spent in this place.
 B = Non-inter-level travel time spent in this place.
 C = Inter-level travel time spent in this place.
 D = Time resting spent in this place.
 E = Time spent auto-exploring this place.
 F = Levels seen in this place.
 G = Mean time per level.
                   A        B        C        D        E       F      G
               +--------+--------+--------+--------+--------+-----+--------+
         Total |   1536 |   1480 |     56 |    825 |    423 |   4 |  384.0 |
       Dungeon |   1536 |   1480 |     56 |    825 |    423 |   4 |  384.0 |
               +--------+--------+--------+--------+--------+-----+--------+

Top non-repeatable levels by time:
     D:5: 663 daAuts
     D:4: 570 daAuts
     D:6: 301 daAuts
     D:3: 1 daAuts
